[Event "Late-Titled-Tuesday-Blitz-March-05-2024"]
[Site "Chess.com"]
[Date "2024.03.05"]
[Round "8"]
[White "PawnEatingZombie"]
[Black "aranibos"]
[Result "0-1"]
[WhiteElo "2161"]
[BlackElo "2272"]
[TimeControl "180+1"]
[EndTime "15:23:12 PST"]
[Termination "aranibos won by resignation"]

1. e4 c6 2. Nf3 d5 3. d3 dxe4 4. dxe4 Qxd1+ 5. Kxd1 Bg4 6. Be2 Nd7 7. Ne1 Bxe2+ 8.
Kxe2 O-O-O 9. Nd3 e5 10. Be3 Ngf6 11. f3 b6 12. a4 a5 13. Nd2 Kc7 14. Rhd1 Be7 15.
c3 Rhe8 16. b4 axb4 17. cxb4 Ra8 18. Rdc1 Kb7 19. Nc4 Bf8 20. a5 b5 21. Nd2 h6 22.
Nb3 g5 23. g4 Bd6 24. Rc2 Rec8 25. Rac1 Ne8 26. Rh1 Be7 27. h4 gxh4 28. Bxh6 Nc7 29.
g5 Ne6 30. Rxh4 c5 31. bxc5 Ndxc5 32. Nbxc5+ Bxc5 33. Nxe5 Nd4+ 0-1

[Event "Late-Titled-Tuesday-Blitz-March-05-2024"]
[Site "Chess.com"]
[Date "2024.03.05"]
[Round "8"]
[White "DonJuan_34"]
[Black "Zhigalko_Sergei"]
[Result "0-1"]
[WhiteElo "2481"]
[BlackElo "2863"]
[TimeControl "180+1"]
[EndTime "15:23:15 PST"]
[Termination "Zhigalko_Sergei won by resignation"]

1. d4 Nf6 2. c4 e6 3. Nc3 Bb4 4. Nf3 b6 5. Bg5 h6 6. Bh4 g5 7. Bg3 Ne4 8. Qc2 Bb7 9. Nd2 Bxc3 10. bxc3 Nxg3 11. hxg3 d6 12. f3 h5 13. e3 Nd7 14.
Bd3 Qe7 15. Be4 d5 16. Bd3 h4 17. O-O-O O-O-O 18. e4 dxc4 19. Bxc4 hxg3 20. Rxh8 Rxh8 21.
Nf1 Qf6 22. Qa4 a5 23. Bb5 Qf4+ 24. Kb1 Nf6 25. Bc6 g4 26. e5 Nd5 27. Bxd5 Bxd5 28.
fxg4 Bxg2 29. Qc4 Bd5 30. Qa6+ Kb8 31. c4 Bb7 0-1

[Event "Late-Titled-Tuesday-Blitz-March-05-2024"]
[Site "Chess.com"]
[Date "2024.03.05"]
[Round "8"]
[White "jaskol95"]
[Black "traack"]
[Result "1-0"]
[WhiteElo "2564"]
[BlackElo "2431"]
[TimeControl "180+1"]
[EndTime "15:23:16 PST"]
[Termination "jaskol95 won by resignation"]

1. e4 e5 2. Nf3 Nc6 3. Bc4 Nf6 4. Ng5 d5 5. exd5 Na5 6. Bb5+ c6 7. dxc6 bxc6 8.
Bd3 h6 9. Ne4 c5 10. b3 Nc6 11.
Nxf6+ Qxf6 12. Be4 Rb8 13. Nc3 Bd7 14. Bb2 Qg5 15.
h4 Qd8 16. Nd5 Bd6 17. Ne3 Qc8 18. Qh5 g6 19. Bxg6 Be6 20. Bf5 Ne7 21. Bxe6 Qxe6 22. Nc4 Ng6 23. O-O-O Bc7 24. Nxe5 Bxe5 25. Bxe5 Nxe5 26.
Rde1 1-0

[Event "Late-Titled-Tuesday-Blitz-March-05-2024"]
[Site "Chess.com"]
[Date "2024.03.05"]
[Round "8"]
[White "Sjakkerntobi"]
[Black "Charodej1"]
[Result "1-0"]
[WhiteElo "2490"]
[BlackElo "2332"]
[TimeControl "180+1"]
[EndTime "15:23:23 PST"]
[Termination "Sjakkerntobi won by resignation"]

1. e4 e5 2. Nf3 Nc6 3. Nc3 Nf6 4. a3 a6 5. d4 exd4 6. Nxd4 Bc5 7. Be3 Nxd4 8.
Bxd4 Qe7 9. Bxc5 Qxc5 10. Qd3 O-O 11. h3 d6 12. O-O-O b5 13. f4 b4 14. axb4 Qxb4 15. Qd4 Qa5 16. Bc4 Rb8 17. e5 Ne8 18. Bb3 Rb4 19. Qd5 Qb6 20. Qd2 Be6 21. Nd5 Bxd5 22.
Qxd5 c6 23. Qf3 d5 24. f5 c5 25. Qxd5 c4 26. Bxc4 Rxb2 27. Bb3 Nc7 28. Qxf7+ 1-0

[Event "Late-Titled-Tuesday-Blitz-March-05-2024"]
[Site "Chess.com"]
[Date "2024.03.05"]
[Round "8"]
[White "jamengrand"]
[Black "IlanSchnaider"]
[Result "1-0"]
[WhiteElo "2494"]
[BlackElo "2619"]
[TimeControl "180+1"]
[EndTime "15:23:29 PST"]
[Termination "jamengrand won by resignation"]

1. e4 c5 2. Nf3 d6 3. d4 cxd4 4. Nxd4 Nf6 5. Nc3 a6 6. Bd3 g6 7.
f3 Qb6 8. a3 Bg7 9. Be3 Qc7 10.
Qd2 Nc6 11. O-O-O b5 12. Nxc6 Qxc6 13. e5 Bb7 14. exf6 Bxf6 15. Be4 Qd7 16. Bxb7 Qxb7 17.
Nd5 Bg7 18. Bh6 O-O 19. Rhe1 e5 20. Bxg7 Kxg7 21. h4 h5 22. g4 hxg4 23. fxg4 a5 24. h5 Rh8 25. Qg5 Rh6 26. Qf6+ Kh7 27. Ne7 Rf8 28.
hxg6+ fxg6 29. Qxf8 1-0

[Event "Late-Titled-Tuesday-Blitz-March-05-2024"]
[Site "Chess.com"]
[Date "2024.03.05"]
[Round "8"]
[White "fandebobbyfischer"]
[Black "Eliwood44"]
[Result "0-1"]
[WhiteElo "2639"]
[BlackElo "2534"]
[TimeControl "180+1"]
[EndTime "15:23:32 PST"]
[Termination "Eliwood44 won by resignation"]

1. e4 e5 2. Nf3 Nc6 3. Bb5 a6 4. Ba4 Nf6 5. O-O b5 6. Bb3 Bc5 7. c3 O-O 8. d4 Bb6 9. a4 Bb7 10. d5 Ne7 11. a5 Ba7 12. Bc2 Ng6 13. b3 d6 14. c4 Qe7 15. Be3 Bxe3 16. fxe3 bxc4 17.
bxc4 Nd7 18. Nc3 Nc5 19. Na4 Nxa4 20. Rxa4 Bc8 21. Ne1 Bd7 22. Ra2 Qg5 23. Qf3 Nh4 24. Qf2 f5 25. exf5 Bxf5 26. Qe2 e4 27. Bd1 Bh3 28.
Rxf8+ Rxf8 29. Ra1 Bxg2 30. Nxg2 Nf3+ 31. Kh1 Qe5 32.
Nf4 Qxa1 33. Ne6 Rf6 0-1

[Event "Late-Titled-Tuesday-Blitz-March-05-2024"]
[Site "Chess.com"]
[Date "2024.03.05"]
[Round "8"]
[White "Kosak12"]
[Black "WPWPWP-2015"]
[Result "1-0"]
[WhiteElo "2808"]
[BlackElo "2513"]
[TimeControl "180+1"]
[EndTime "15:23:37 PST"]
[Termination "Kosak12 won by checkmate"]

1. d4 d5 2. c4 c6 3. Nf3 Nf6 4. g3 Bg4 5. Ne5 Nbd7 6. Nxg4 Nxg4 7. cxd5 cxd5 8. e4 Ngf6 9. e5 Ng8 10. e6 fxe6 11. Bh3 Qb6 12. O-O Ngf6 13. Nc3 g6 14.
Re1 Bg7 15. Bxe6 Qc6 16. Bf4 Nf8 17. Bh3 e6 18. Rc1 Qd7 19. Qe2 a6 20. Na4 Ne4 21. Nb6 Qd8 22. Nxa8 Qxa8 23. f3 Bxd4+ 24. Kg2 Nf6 25.
Bxe6 Nxe6 26. Qxe6+ Kf8 27. Bh6# 1-0

[Event "Late-Titled-Tuesday-Blitz-March-05-2024"]
[Site "Chess.com"]
[Date "2024.03.05"]
[Round "8"]
[White "SmirnovTimofey2000"]
[Black "protectiago"]
[Result "0-1"]
[WhiteElo "1956"]
[BlackElo "2065"]
[TimeControl "180+1"]
[EndTime "15:23:39 PST"]
[Termination "protectiago won by checkmate"]

1. e4 e5 2. Nf3 Nc6 3. Bc4 Bc5 4. b4 Bxb4 5. c3 Ba5 6. d4 d6 7. dxe5 dxe5 8. Qxd8+ Nxd8 9. Nxe5 Be6 10. O-O Nf6 11. f3 Bb6+ 12. Kh1 O-O 13. Bg5 Nd7 14. Bxe6 Nxe6 15. Nxd7 Nxg5 16. Nxf8 Rxf8 17. Rd1 f5 18. exf5 Rxf5 19. Nd2 h5 20. h4 Ne6 21. Ne4 Rf4 22. c4 Rxh4# 0-1

[Event "Late-Titled-Tuesday-Blitz-March-05-2024"]
[Site "Chess.com"]
[Date "2024.03.05"]
[Round "8"]
[White "MaiqMaster"]
[Black "BillCoe"]
[Result "1-0"]
[WhiteElo "2320"]
[BlackElo "2135"]
[TimeControl "180+1"]
[EndTime "15:23:43 PST"]
[Termination "MaiqMaster won by checkmate"]

1. d4 d5 2. Nc3 e6 3. e4 dxe4 4. Nxe4 Nf6 5. Bg5 Be7 6. Bxf6 Bxf6 7. Nf3 O-O 8. c3 Nd7 9. Bd3 Be7 10. Qc2 Re8 11. O-O-O Nf8 12. h4 b6 13. Kb1 c5 14.
Neg5 f5 15. dxc5 Qc7 16. Bb5 Rd8 17. Rxd8 Qxd8 18. Rd1 Qc7 19. cxb6 axb6 20. Nd4 Qc5 21. Qb3 Bxg5 22. hxg5 Qc7 23. Bc4 Qe7 24. Nxf5 Qxg5 25. Nd4 Qf6 26. Qxb6 Qxf2 27. Rf1 Qxg2 28. Qd8 Bb7 29.
Rxf8# 1-0

[Event "Late-Titled-Tuesday-Blitz-March-05-2024"]
[Site "Chess.com"]
[Date "2024.03.05"]
[Round "8"]
[White "N_Mullodzhanov"]
[Black "HanSchut"]
[Result "1-0"]
[WhiteElo "2502"]
[BlackElo "2328"]
[TimeControl "180+1"]
[EndTime "15:23:47 PST"]
[Termination "N_Mullodzhanov won by checkmate"]

1. e4 c5 2. c3 g6 3. d4 cxd4 4.
cxd4 d5 5. e5 Nc6 6. Nc3 Nh6 7.
Bb5 Bg7 8. h3 O-O 9. Nf3 f6 10.
O-O fxe5 11. dxe5 d4 12. Bxc6 dxc3 13. Qb3+ Kh8 14. Be4 cxb2 15. Bxb2 Nf5 16. Rfd1 Qb6 17.
Qxb6 axb6 18. g4 Nd6 19. exd6 Bxb2 20. Rab1 Bf6 21. d7 Bxd7 22. Rxd7 Rxa2 23. Rxb7 h5 24. g5 Bd4 25. Nxd4 Rfxf2 26. Rxe7 Rfd2 27. Rf1 Kg8 28. Bd5+ Kh8 29. Rf8# 1-0

[Event "Late-Titled-Tuesday-Blitz-March-05-2024"]
[Site "Chess.com"]
[Date "2024.03.05"]
[Round "8"]
[White "ArtemDyachuk"]
[Black "pooh2012"]
[Result "1-0"]
[WhiteElo "2683"]
[BlackElo "2532"]
[TimeControl "180+1"]
[EndTime "15:23:49 PST"]
[Termination "ArtemDyachuk won by resignation"]

1. e4 c6 2. Nc3 d5 3. d4 dxe4 4.
Nxe4 Nd7 5. Ng5 e6 6. Bd3 Ngf6 7. h4 Bd6 8. N1f3 h6 9. Nh3 Qc7 10. Qe2 b6 11. Bd2 Bb7 12. O-O-O O-O-O 13. g4 Nxg4 14. Rhg1 h5 15. Nfg5 Ndf6 16. f3 Nh6 17. Ne4 Bf8 18.
Bf4 Qe7 19. Nhg5 Nd5 20. Bg3 Nf5 21. Bf2 Nf4 22. Qd2 Nxd3+ 23. Qxd3 f6 24. Nh3 c5 25.
Nf4 Qf7 26. Ng6 Rh6 27. Nxf8 Qxf8 28. Qb3 Nxd4 29. Bxd4 cxd4 30. Qxe6+ Kb8 31. Rge1 Bd5 32. Qf5 Bxa2 33. Ng3 Bf7 34. Qf4+ Qd6 35. Qxd6+ Rxd6 36. Nf5 Rd7 37. Nxh6 gxh6 38. Re4 Kc7 39. Rdxd4 Bd5 40.
Rf4 1-0

[Event "Late-Titled-Tuesday-Blitz-March-05-2024"]
[Site "Chess.com"]
[Date "2024.03.05"]
[Round "8"]
[White "grandcoach"]
[Black "katharinareinecke"]
[Result "1-0"]
[WhiteElo "2224"]
[BlackElo "1974"]
[TimeControl "180+1"]
[EndTime "15:23:49 PST"]
[Termination "grandcoach won by resignation"]

1. e4 c6 2. d4 d5 3. e5 Bf5 4. Nf3 e6 5. Be2 Ne7 6. O-O Bg6 7. Nbd2 Nf5 8. Nb3 Be7 9. Bd2 O-O 10. a4 Nd7 11. a5 a6 12. Rc1 c5 13. c4 dxc4 14.
Bxc4 Rc8 15. d5 exd5 16. Bxd5 Kh8 17. Bxb7 Rb8 18. Bxa6 f6 19. e6 Ne5 20. Nxc5 Rxb2 21. Bc3 Ra2 22. Nxe5 fxe5 23. Qxd8 Rxd8 24. Bc4 Nd4 25.
Bxa2 Ne2+ 26. Kh1 Nxc1 27. Rxc1 Bc2 28. Nd7 Be4 29. Bc4 Bc5 30. Bxe5 Be7 31. a6 Ra8 32.
Bb5 1-0

[Event "Late-Titled-Tuesday-Blitz-March-05-2024"]
[Site "Chess.com"]
[Date "2024.03.05"]
[Round "8"]
[White "giovannibrandao7"]
[Black "DonBroca"]
[Result "0-1"]
[WhiteElo "2199"]
[BlackElo "2158"]
[TimeControl "180+1"]
[EndTime "15:23:51 PST"]
[Termination "DonBroca won by checkmate"]

1. e4 c5 2. Nf3 g6 3. d4 cxd4 4.
Nxd4 Nc6 5. Nc3 Nf6 6. Be3 Bg7 7. Be2 O-O 8. O-O d5 9. exd5 Nxd5 10. Nxd5 Qxd5 11. Bf3 Qe5 12. Nxc6 bxc6 13. c3 Qc7 14. Qa4 Rb8 15. Rab1 Bf5 16. Be4 Bxe4 17. Qxe4 Rfd8 18. Rfc1 Rb5 19. b3 Rbd5 20. g3 Qa5 21. Qxe7 Qxa2 22.
Qxa7 Qxa7 23. Bxa7 Rd3 24. c4 Ra8 25. Be3 Ra2 26.
b4 Bf8 27. b5 cxb5 28. cxb5 Rda3 29. b6 Bd6 30. b7 Kg7 31. Bf4 Bxf4 32. gxf4 Rf3 33.
b8=Q Rfxf2 34. Qe5+ Kh6 35. Rc3 Rxh2 36. Kf1 Rh1# 0-1

[Event "Late-Titled-Tuesday-Blitz-March-05-2024"]
[Site "Chess.com"]
[Date "2024.03.05"]
[Round "8"]
[White "Jospem"]
[Black "ckgchess"]
[Result "1-0"]
[WhiteElo "3105"]
[BlackElo "2922"]
[TimeControl "180+1"]
[EndTime "15:23:56 PST"]
[Termination "Jospem won on time"]

1. e4 e5 2. Nf3 Nf6 3. Nc3 Nc6 4. h3 d5 5. Bb5 Nxe4 6. O-O Qd6 7. Re1 Nxc3 8. bxc3 Be7 9. Nxe5 O-O 10. Bxc6 bxc6 11. a4 c5 12. d4 Bf6 13. Ba3 Bxe5 14. Rxe5 Qg6 15. Qf3 Be6 16. Bxc5 Rfb8 17. Rc1 Rb2 18. Qe2 h6 19. Kh2 a5 20. f4 Bf5 21. Rxd5 Bxc2 22.
Re5 Qd3 23. Re3 Qf5 24. Qf2 Rab8 25. Re2 1-0

[Event "Late-Titled-Tuesday-Blitz-March-05-2024"]
[Site "Chess.com"]
[Date "2024.03.05"]
[Round "8"]
[White "WindWhistler11"]
[Black "NateSolon"]
[Result "0-1"]
[WhiteElo "2532"]
[BlackElo "2683"]
[TimeControl "180+1"]
[EndTime "15:23:56 PST"]
[Termination "NateSolon won on time"]

1. c4 e6 2. e3 d5 3. b3 Nf6 4.
Bb2 c6 5. Nf3 Bd6 6. d3 O-O 7.
Nbd2 Nbd7 8. cxd5 exd5 9. Be2 Re8 10. O-O Qe7 11. Re1 a5 12. Qc2 a4 13. bxa4 Nc5 14.
Rad1 Nxa4 15. Ba1 h6 16. Nf1 Bf5 17. Ng3 Bh7 18. Nd4 Qd7 19. Bf3 Nc5 20. e4 Bxg3 21.
hxg3 dxe4 22. dxe4 Ncxe4 23. Nb5 Qe7 24. Bxf6 Nxf6 25.
Qc3 Qf8 26. Rxe8 Rxe8 27. Nd6 Rb8 0-1

[Event "Late-Titled-Tuesday-Blitz-March-05-2024"]
[Site "Chess.com"]
[Date "2024.03.05"]
[Round "8"]
[White "OrtizAnahi2001"]
[Black "Bkmzzzzz"]
[Result "1-0"]
[WhiteElo "2534"]
[BlackElo "2410"]
[TimeControl "180+1"]
[EndTime "15:23:56 PST"]
[Termination "OrtizAnahi2001 won by resignation"]

1. d4 d5 2. c4 dxc4 3. Nf3 a6 4. e3 Nf6 5. a4 e6 6. Bxc4 c5 7. O-O Nc6 8. Nc3 Be7 9. Re1 O-O 10. b3 b6 11. Bb2 Bb7 12. d5 exd5 13. Nxd5 Nxd5 14. Bxd5 Bf6 15. Bxf6 Qxf6 16. Qe2 Na5 17. Bxb7 Nxb7 18.
Rad1 Na5 19. Qc2 h6 20. e4 Qe6 21. Rd5 Rad8 22. Red1 Rxd5 23. exd5 Qd6 24. Nh4 g6 25. g3 Re8 26. Ng2 Re5 27. Ne3 Nb7 28. Qc3 h5 29. Nc4 Rxd5 30. Nxd6 Rxd1+ 31. Kg2 Nxd6 32. Qf3 Rd4 33. Qa8+ Kg7 34. Qxa6 Rb4 35. a5 bxa5 36. Qxd6 Rxb3 37. Qxc5 1-0

[Event "Late-Titled-Tuesday-Blitz-March-05-2024"]
[Site "Chess.com"]
[Date "2024.03.05"]
[Round "8"]
[White "Burgsvik"]
[Black "Bugcrusher"]
[Result "0-1"]
[WhiteElo "2362"]
[BlackElo "2520"]
[TimeControl "180+1"]
[EndTime "15:23:59 PST"]
[Termination "Bugcrusher won by resignation"]

1. e4 c6 2. d4 d5 3. e5 c5 4. dxc5 e6 5. Be3 Nd7 6. Bb5 Qc7 7. Qd4 Ne7 8. Nf3 Nf5 9. Qa4 Nxe3 10. fxe3 Bxc5 11. Qg4 O-O 12. Bd3 Nxe5 13. Bxh7+ Kxh7 14. Qh5+ Kg8 15. Qxe5 Qxe5 16. Nxe5 Bxe3 17. Nc3 Bd4 18.
Nf3 Bxc3+ 19. bxc3 Bd7 20. Kd2 f6 21. g3 e5 22.
Rab1 b6 23. h4 Rac8 24. Ne1 Rc4 25. Rf1 Rfc8 26. Rf3 d4 27. cxd4 Rxd4+ 28. Rd3 Rxd3+ 29. cxd3 Be6 30. a3 Rc5 31. Rb4 Ra5 32. Nc2 Kf8 33.
d4 Bf5 34. Ne3 Be6 35. dxe5 fxe5 36. Nc2 Ke7 37. Ke3 Bf5 38. Rc4 Bxc2 39. Rxc2 Rxa3+ 40. Ke4 Rxg3 41. Kxe5 Kd7 42. Rc4 b5 43. Rf4 Kc6 44.
Rf5 a5 45. Kf4 Rg1 46. Rg5 Rxg5 47. hxg5 a4 48. Kf5 a3 49. Kg6 a2 50. Kxg7 a1=Q+ 0-1

[Event "Late-Titled-Tuesday-Blitz-March-05-2024"]
[Site "Chess.com"]
[Date "2024.03.05"]
[Round "8"]
[White "cthulhuuu"]
[Black "Mikhail_Golubev"]
[Result "0-1"]
[WhiteElo "2433"]
[BlackElo "2629"]
[TimeControl "180+1"]
[EndTime "15:24:00 PST"]
[Termination "Mikhail_Golubev won by checkmate"]

1. e4 c5 2. Nf3 d6 3. g3 Nf6 4. d3 g6 5. Bg2 Bg7 6. O-O O-O 7.
Re1 Nc6 8. e5 Nxe5 9. Nxe5 dxe5 10. Rxe5 c4 11. d4 Ng4 12. Rd5 Qb6 13. c3 Be6 14. Rc5 Rad8 15. Nd2 Rxd4 16. cxd4 Bxd4 17. Rxc4 Nxf2 18. Qa4 Bxb2 19. Bxb2 Nh3+ 20. Kh1 Qg1+ 21. Rxg1 Nf2# 0-1

[Event "Late-Titled-Tuesday-Blitz-March-05-2024"]
[Site "Chess.com"]
[Date "2024.03.05"]
[Round "8"]
[White "Supelyel"]
[Black "Zq1"]
[Result "1/2-1/2"]
[WhiteElo "2383"]
[BlackElo "2570"]
[TimeControl "180+1"]
[EndTime "15:24:10 PST"]
[Termination "Game drawn by repetition"]

1. c4 c5 2. g3 g6 3. Bg2 Bg7 4. Nc3 Nc6 5. Nf3 e6 6. O-O Nge7 7. e4 O-O 8. d3 b6 9. Bg5 h6 10. Be3 Nd4 11. Bxd4 cxd4 12. Ne2 Nc6 13. Rb1 e5 14. b4 a5 15. b5 Ne7 16. Nh4 g5 17. Nf5 Nxf5 18. exf5 Ra7 19. g4 Bb7 20. Bxb7 Rxb7 21. Ng3 d5 22. Qf3 Rd7 23. cxd5 Rxd5 24. Rfc1 f6 25.
Rc6 Rf7 26. Rbc1 Bf8 27. Rc8 Qd7 28. R1c7 Qxb5 29. Ne4 Kg7 30. a4 Qxa4 31. Rxf7+ Kxf7 32. Nxg5+ Ke7 33. Qxd5 Qd1+ 34. Kg2 Qxg4+ 35. Kf1 Qd1+ 36. Kg2 Qg4+ 37. Kf1 Qd1+ 38. Kg2 Qg4+ 1/2-1/2

[Event "Late-Titled-Tuesday-Blitz-March-05-2024"]
[Site "Chess.com"]
[Date "2024.03.05"]
[Round "8"]
[White "NovakRatko"]
[Black "adricalderon8"]
[Result "0-1"]
[WhiteElo "2388"]
[BlackElo "2521"]
[TimeControl "180+1"]
[EndTime "15:24:13 PST"]
[Termination "adricalderon8 won on time"]

1. d4 Nf6 2. c4 b6 3. Nc3 Bb7 4. d5 e6 5. e4 Bb4 6. Bd3 exd5 7.
cxd5 O-O 8. f3 Re8 9. Ne2 c6 10. dxc6 dxc6 11. O-O Bc5+ 12. Kh1 Nbd7 13. Bg5 h6 14.
Bh4 Qc7 15. Qb3 Bd6 16. f4 Nc5 17. Qc2 Nxd3 18. Qxd3 Nd7 19. Rad1 Re6 20. f5 Nc5 21. Qd2 Nxe4 22. Nxe4 Rxe4 23. Bg3 Bxg3 24. Nxg3 Ree8 25. f6 Rad8 26. Qc1 Rxd1 27. Rxd1 c5 28. fxg7 Qc6 29. Rg1 Qg6 30. Qf4 Kxg7 31. Nf5+ Kh7 32. h3 Re2 33. Nh4 Qg7 34. Kh2 Qe5 35. Qxe5 Rxe5 36. Rd1 Re4 0-1

[Event "Late-Titled-Tuesday-Blitz-March-05-2024"]
[Site "Chess.com"]
[Date "2024.03.05"]
[Round "8"]
[White "ThaBarWa"]
[Black "kalxandria"]
[Result "1-0"]
[WhiteElo "2374"]
[BlackElo "2177"]
[TimeControl "180+1"]
[EndTime "15:24:13 PST"]
[Termination "ThaBarWa won by checkmate"]

1. c4 Nf6 2. Nc3 g6 3. g3 Bg7 4.
Bg2 O-O 5. Nf3 d6 6. O-O Nc6 7. Rb1 e5 8. a3 Bf5 9. d3 e4 10. Nh4 exd3 11. Nxf5 dxe2 12. Qxe2 gxf5 13. Nd5 Nxd5 14.
Bxd5 Nd4 15. Qd3 c6 16. Bg2 Qf6 17. Be3 c5 18. Bxd4 Qxd4 19. Qxf5 Qxc4 20. Be4 Rfe8 21. Bd5 Qd4 22. Bxf7+ Kh8 23. Bxe8 Rxe8 24. Rbd1 Qxb2 25.
Rxd6 Rf8 26. Qg5 Bd4 27. Rd8 Rxd8 28. Qxd8+ Kg7 29. Qg5+ Kh8 30. a4 c4 31. Qd8+ Kg7 32.
Qc7+ Kh8 33. Qxc4 a6 34. Qc8+ Kg7 35. Qd7+ Kh8 36. h4 Bc5 37. Qf7 Qc3 38. Kg2 Qc2 39. Re1 Qxf2+ 40. Qxf2 Bxf2 41. Kxf2 Kg7 42. Re7+ Kh6 43.
Rxb7 Kh5 44. Rxh7+ Kg4 45. Rg7+ Kh3 46. h5 Kh2 47. h6 a5 48. h7 Kh3 49. h8=Q# 1-0

[Event "Late-Titled-Tuesday-Blitz-March-05-2024"]
[Site "Chess.com"]
[Date "2024.03.05"]
[Round "8"]
[White "ural58"]
[Black "GrotBchess"]
[Result "1-0"]
[WhiteElo "2519"]
[BlackElo "2383"]
[TimeControl "180+1"]
[EndTime "15:24:15 PST"]
[Termination "ural58 won by checkmate"]

1. e4 e6 2. d4 d5 3. Nc3 Nf6 4. Bg5 h6 5. Bxf6 Qxf6 6. Nf3 Bb4 7. Bd3 O-O 8. O-O c6 9. Ne2 Nd7 10. c3 Ba5 11. e5 Qd8 12. Bc2 f5 13. exf6 Nxf6 14.
Qd3 Bc7 15. Ng3 Qd6 16. Rfe1 Bd7 17. Ne5 Rae8 18. Nh5 Ne4 19. Rxe4 dxe4 20. Qxe4 Rf5 21. g4 Qe7 22. gxf5 exf5 23. Qg2 Bxe5 24. dxe5 Qxe5 25.
Qg6 Re6 26. Qg3 Qxg3+ 27. hxg3 Re2 28. Bb3+ Kf8 29. Rd1 Be8 30. Nf4 Rxb2 31. Ne6+ Ke7 32. Nxg7 Bg6 33. Re1+ Kf6 34. Ne6 a5 35. Nc5 b5 36.
Re6+ Kg7 37. Rxc6 a4 38. Bd5 Bh5 39. Kg2 Be2 40. Ne6+ Kh7 41. Nf4 Bc4 42. Rc7+ Kh8 43. Ng6# 1-0

[Event "Late-Titled-Tuesday-Blitz-March-05-2024"]
[Site "Chess.com"]
[Date "2024.03.05"]
[Round "8"]
[White "PapaieDudu"]
[Black "Malev212"]
[Result "0-1"]
[WhiteElo "2452"]
[BlackElo "2634"]
[TimeControl "180+1"]
[EndTime "15:24:22 PST"]
[Termination "Malev212 won on time"]

1. Nf3 g6 2. d4 Bg7 3. c4 d6 4.
Nc3 c5 5. e3 Nf6 6. Be2 O-O 7.
O-O cxd4 8. exd4 d5 9. h3 Nc6 10. Be3 dxc4 11. Bxc4 Na5 12. Bd3 Be6 13. Qe2 Nd5 14. Ne5 Rc8 15. Rac1 Nxc3 16. Rxc3 Qd5 17. Rfc1 Rxc3 18. Rxc3 Qxa2 19. Ra3 Qd5 20. b4 Nb3 21. Rxa7 Nxd4 22. Bxd4 Qxd4 23. Ra5 Rd8 24. Bc2 Qxb4 25. Rb5 Qd2 26. Qxd2 Rxd2 27. Be4 Rd1+ 28. Kh2 Re1 29. f3 f5 30. Nd3 Re3 0-1

[Event "Late-Titled-Tuesday-Blitz-March-05-2024"]
[Site "Chess.com"]
[Date "2024.03.05"]
[Round "8"]
[White "jk13"]
[Black "rodp92"]
[Result "1-0"]
[WhiteElo "2647"]
[BlackElo "2490"]
[TimeControl "180+1"]
[EndTime "15:24:25 PST"]
[Termination "jk13 won by resignation"]

1. h4 d5 2. d4 Nf6 3. c3 c5 4. Bg5 Ne4 5. Nd2 Nxg5 6. hxg5 Bf5 7. Qb3 Qd7 8. Ngf3 c4 9. Qd1 Nc6 10. Nh4 e6 11. e3 Bd6 12. g4 Bg6 13. Nxg6 fxg6 14.
f4 b5 15. a3 a5 16. Qc2 Ne7 17.
Bg2 a4 18. Nf3 O-O-O 19. O-O-O Nc6 20. Rh3 Na5 21. Rdh1 Nb3+ 22. Kb1 Qe7 23. Rxh7 Rxh7 24. Rxh7 Rg8 25. Ka2 b4 26. cxb4 Bxb4 27. axb4 Qxb4 28. Qc3 Qb5 29. Bf1 Kc7 30. Be2 Kd6 31. Nd2 Ra8 32. Bxc4 dxc4 33. Nxc4+ Kd5 34. e4+ Kxe4 35. Nd6+ Kd5 36.
Nxb5 1-0

[Event "Late-Titled-Tuesday-Blitz-March-05-2024"]
[Site "Chess.com"]
[Date "2024.03.05"]
[Round "8"]
[White "GianmarcoVaR"]
[Black "OPQRC"]
[Result "0-1"]
[WhiteElo "2751"]
[BlackElo "2579"]
[TimeControl "180+1"]
[EndTime "15:24:27 PST"]
[Termination "OPQRC won on time"]

1. e4 c5 2. Nf3 Nc6 3. d4 cxd4 4. Nxd4 Nf6 5. Nc3 e6 6. Bf4 Bb4 7. Nb5 Nxe4 8. Qf3 d5 9. O-O-O Bxc3 10. bxc3 O-O 11. c4 Qf6 12. c3 a6 13. Nc7 Nxc3 14.
Rd2 Ne4 15. Rb2 Nd4 16. Qe3 Nf5 17. Qd3 Bd7 18. Nxa8 Rxa8 19. f3 Nc5 20. Qa3 Rc8 21. Be2 Nd4 0-1

[Event "Late-Titled-Tuesday-Blitz-March-05-2024"]
[Site "Chess.com"]
[Date "2024.03.05"]
[Round "8"]
[White "ATM622"]
[Black "NCchamp"]
[Result "1-0"]
[WhiteElo "2493"]
[BlackElo "2334"]
[TimeControl "180+1"]
[EndTime "15:24:27 PST"]
[Termination "ATM622 won by checkmate"]

1. d4 d5 2. c4 dxc4 3. e3 e5 4. Bxc4 exd4 5. exd4 Bd6 6. Nf3 Nf6 7. O-O O-O 8. Nc3 Nc6 9. Re1 h6 10. a3 Bg4 11. Be3 a6 12. h3 Bf5 13. Nh4 Bh7 14.
Bd3 Re8 15. Bxh7+ Nxh7 16. Nf5 Qf6 17. Qg4 Kh8 18. Nd5 Qg6 19. Qxg6 fxg6 20. Nxd6 cxd6 21.
Nc7 Nf6 22. Nxa8 Rxa8 23. Rac1 d5 24. b4 g5 25. Rc5 Kh7 26. Rec1 Re8 27. Kf1 Re4 28.
b5 axb5 29. Rxb5 Nxd4 30. Bxd4 Rxd4 31. Rxb7 Ra4 32. Rcc7 Ne8 33. Re7 Ra8 34. Rbd7 Kg8 35. a4 Kf8 36. Rf7+ Kg8 37. Ra7 Rc8 38. a5 d4 39. a6 d3 40. Ke1 Nd6 41. Rxg7+ Kf8 42. Rh7 Re8+ 43. Kd2 Ne4+ 44. Kxd3 Nc5+ 45. Kc4 Ne6 46.
Rh8# 1-0

[Event "Late-Titled-Tuesday-Blitz-March-05-2024"]
[Site "Chess.com"]
[Date "2024.03.05"]
[Round "8"]
[White "Szparu"]
[Black "maximnovik"]
[Result "1-0"]
[WhiteElo "2804"]
[BlackElo "2604"]
[TimeControl "180+1"]
[EndTime "15:24:29 PST"]
[Termination "Szparu won by checkmate"]

1. e4 c6 2. d4 d5 3. e5 Bf5 4. h4 Qb6 5. a4 c5 6. dxc5 Qxc5 7. c3 e6 8. Nd2 h6 9. Nb3 Qc7 10. f4 h5 11. Nf3 Nh6 12. Nfd4 Nc6 13. Nxf5 Nxf5 14. Bd3 g6 15. Bc2 Be7 16. Bxf5 gxf5 17. Be3 O-O-O 18. Nd4 a6 19. g3 Rdg8 20. Bf2 Rg4 21.
b4 Nb8 22. b5 a5 23. b6 Qc4 24. Rb1 Nc6 25. Rb5 Qxc3+ 26. Ke2 Qc4+ 27. Qd3 Qxd3+ 28.
Kxd3 Nxd4 29. Kxd4 Bb4 30. Rc1+ Kb8 31. Rc7 Rc8 32. Rxf7 Rgg8 33. Kd3 Rc3+ 34. Ke2 Rgc8 35. Rh7 Ra3 36. Rxh5 Rc2+ 37. Kf1 Kc8 38. Rh8+ Kd7 39. Rh7+ Kc6 40. Rc7# 1-0

[Event "Late-Titled-Tuesday-Blitz-March-05-2024"]
[Site "Chess.com"]
[Date "2024.03.05"]
[Round "8"]
[White "EsmeraldasAnderson03"]
[Black "chess94cu"]
[Result "1-0"]
[WhiteElo "2532"]
[BlackElo "2631"]
[TimeControl "180+1"]
[EndTime "15:24:30 PST"]
[Termination "EsmeraldasAnderson03 won by resignation"]

1. d4 Nf6 2. c4 e6 3. Nc3 Bb4 4.
f3 d5 5. a3 Bxc3+ 6. bxc3 c5 7.
cxd5 Nxd5 8. dxc5 Qa5 9. e4 Nf6 10. Be3 O-O 11. Qb3 Nfd7 12. Qb4 Qc7 13. Kf2 Nc6 14. Qa4 f5 15. exf5 exf5 16. Nh3 Nde5 17. Nf4 g5 18. Nd5 Qf7 19. Nb4 Bd7 20. Nxc6 Bxc6 21. Qd4 Qg7 22. Bxg5 Qxg5 23. Qxe5 Rae8 24. Bc4+ Rf7 25. Qg3 h6 26. Rhe1 Rd8 27. Rad1 Rxd1 28. Rxd1 Qxg3+ 29. Kxg3 Kg7 30. Bxf7 Kxf7 31. Kf4 Ke6 32.
Rd6+ 1-0